 Dungeon Crawl Stone Soup version 0.25-a0-545-ge4db218 (webtiles) character file.

Game seed: 4721286652297151504, levelgen mode: deterministic

99 Gobli the Sneak (level 4, 0/24 HPs)
             Began as a Tengu Enchanter on Feb 20, 2020.
             Slain by a worker ant (6 damage)
             ... on level 4 of the Dungeon.
             The game lasted 00:22:43 (1798 turns).

Gobli the Sneak (Tengu Enchanter)                   Turns: 1798, Time: 00:22:43

Health: 0/24       AC:  2    Str:  8    XL:     4   Next: 72%
Magic:  9/9        EV: 13    Int: 16    God:
Gold:   41         SH:  0    Dex: 15    Spells: 2/8 levels left

rFire    . . .     SeeInvis .   a - +1 dagger
rCold    . . .     Gourm    .   (no shield)
rNeg     . . .     Faith    .   b - +0 robe
rPois    .         Spirit   .   (helmet restricted)
rElec    .         Reflect  .   (no cloak)
rCorr    .         Harm     .   (no gloves)
MR       .....                  (boots unavailable)
Stlth    +++.......             g - amulet of regeneration
HPRegen  0.48/turn              (no ring)
MPRegen  0.11/turn              (no ring)

@: lethally poisoned (0 -> -5)
A: beak, talons 3
a: no special abilities


You were on level 4 of the Dungeon.
You were not hungry.

You visited 1 branch of the dungeon, and saw 4 of its levels.

You collected 41 gold pieces.

Inventory:

Hand Weapons
 a - a +1 dagger (weapon)
Armour
 b - a +0 robe (worn)
Jewellery
 g - an amulet of regeneration (around neck)
Scrolls
 e - 2 scrolls of immolation
 h - a scroll of random uselessness
 i - a scroll of remove curse
Potions
 c - a potion of cancellation
 j - a potion of flight
 k - a potion of haste
Comestibles
 d - 9 rations


   Skills:
 - Level 1.1 Short Blades
 + Level 3.1 Dodging
 + Level 3.9 Stealth
 + Level 2.7 Spellcasting
 + Level 2.7 Hexes


You had 2 spell levels left.
You knew the following spells:

 Your Spells              Type           Power        Failure   Level  Hunger
a - Corona                Hex            ##.....      6%          1    #......
b - Ensorcelled Hibernat  Hex/Ice        #.....       17%         2    ##.....
c - Tukima's Dance        Hex            ##......     19%         3    ###....

Your spell library contained the following spells:

 Spells                   Type           Power        Failure   Level  Hunger
 Confusing Touch          Hex            ##......     19%         3    ###....
 Dazzling Flash           Conj/Hex       #.....       32%         3    ###....


Dungeon Overview and Level Annotations

Branches:
Dungeon (4/15)
 Temple: D:4-7

Altars:


Innate Abilities, Weirdness & Mutations

You have a beak for a mouth.
You have claws for feet.


Message History

You claw the worker ant, but do no damage.
Your peck misses the worker ant.
The worker ant is moderately wounded.
You feel sick. The worker ant bites you.
You are more poisoned.
The worker ant poisons you!
You hit the worker ant. You claw the worker ant.
Your peck misses the worker ant.
The worker ant is heavily wounded.
You feel sick. The worker ant closely misses you.
Unknown command.
You closely miss the worker ant.
The worker ant is heavily wounded.
You feel sick. The worker ant bites you.
* * * LOW HITPOINT WARNING * * *
You hit the worker ant but do no damage.
The worker ant is heavily wounded.
* * * LOW HITPOINT WARNING * * *
You feel sick.
The worker ant stops glowing.
The worker ant bites you.
You die...

###################
#####.................#
#<..†.............###.
#.###..###..a@.........
#.# #..# #...<........#
#.# #..# #..###.#.##..#
#.. ...#..... ..#.# .#
#.###.##.#..###.... #
#.# #.##.#..# #.....
#.# #... ...s .#..##.
.# ..#


You could see a worker ant.

Vanquished Creatures
  5 adders
  An ooze (D:2)
  3 worms
  A leopard gecko (D:2)
  An orc (D:4)
  A giant cockroach (D:1)
  4 goblins
  3 hobgoblins
  6 kobolds
  2 ball pythons
  9 bats
  A frilled lizard (D:2)
  4 rats
41 creatures vanquished.

Vanquished Creatures (collateral kills)
  A bat (D:2)
1 creature vanquished.

Grand Total: 42 creatures vanquished

Notes
Turn   | Place    | Note
-------+----------+-------------------------------------------
     0 | D:1      | Gobli the Tengu Enchanter began the quest for the Orb.
     0 | D:1      | Reached XP level 1. HP: 10/10 MP: 4/4
   318 | D:1      | Reached XP level 2. HP: 15/15 MP: 6/6
   334 | D:1      | Learned a level 2 spell: Ensorcelled Hibernation
   700 | D:2      | Reached XP level 3. HP: 11/19 MP: 5/7
   848 | D:2      | Learned a level 3 spell: Tukima's Dance
  1225 | D:2      | Reached XP level 4. HP: 9/24 MP: 8/8
  1798 | D:4      | Slain by a worker ant

Levels and vault maps discovered:
D:1:      zaba_arrival_water, layout_loops_ring
D:2:      layout_basic, first_ration
D:3:      layout_loops_cross, uniq_robin, uniq_jessica
D:4:      layout_loops_ring, kennysheep_another_room

Skill      XL: |  1  2  3  4 |
---------------+-------------+-----
Dodging        | 3 |  3.1
Short Blades   | |  1.1
Stealth        | |  3.9
Spellcasting   | |  2.7
Hexes          | |  2.7

Action                   |  1- 3 |  4- 6 || total
-------------------------+-------+-------++-------
Melee: Dagger            |    82 |    44 ||   126
       Kick              |    19 |    11 ||    30
       Peck              |     9 |     7 ||    16
 Cast: Corona            |    11 |     7 ||    18
       Ensorcelled Hiber |     3 |       ||     3
       Tukima's Dance    |     2 |     1 ||     3
  Use: Scroll            |     6 |     3 ||     9
 Stab: Sleeping          |     7 |     3 ||    10
  Eat: Ration            |     1 |       ||     1
Armor: Robe              |    13 |     2 ||    15
Dodge: Dodged            |    62 |    20 ||    82

Table legend:
 A = Non-vault XP
 B = Vault XP
 C = Vault XP percentage of total XP
 D = Non-vault monster count
 E = Vault monster count
 F = Vault count percentage of total count
                 A         B        C        D         E       F
            +---------+---------+-------+---------+---------+-------
      Total |     142 |       0 |   0.0 |      42 |       0 |   0.0
            +---------+---------+-------+---------+---------+-------
        D:1 |      18 |       0 |   0.0 |      10 |       0 |   0.0
        D:2 |      84 |       0 |   0.0 |      25 |       0 |   0.0
        D:3 |      32 |       0 |   0.0 |       5 |       0 |   0.0
        D:4 |       8 |       0 |   0.0 |       2 |       0 |   0.0
            +---------+---------+-------+---------+---------+-------
